 Dungeon Crawl Stone Soup version 0.24.0-13-gcf9b319 (webtiles) character file.

Game seed: 13027463469156724114, levelgen mode: deterministic

563 Doobh the Ruffian (level 7, 53/53 HPs)
             Began as a Demonspawn Gladiator on Jan 2, 2020.
             Quit the game on level 4 of the Dungeon.
             The game lasted 00:12:47 (4235 turns).

Doobh the Ruffian (Demonspawn Gladiator)            Turns: 4235, Time: 00:12:47

Health: 53/53      AC: 15    Str: 17    XL:     7   Next: 10%
Magic:  7/7        EV:  4    Int: 12    God:
Gold:   45         SH: 13    Dex: 14    Spells: 6/6 levels left

rFire    . . .     SeeInvis +   A - -3 mace (curse)
rCold    . . .     Gourm    .   j - +0 large shield
rNeg     . . .     Faith    .   f - +0 chain mail
rPois    .         Spirit   .   r - +2 helmet {Int+3}
rElec    .         Reflect  .   n - +0 cloak
rCorr    .         Harm     .   (no gloves)
MR       .....                  (no boots)
Stlth    ..........             (no amulet)
HPRegen  0.17/turn              g - ring of wizardry
MPRegen  0.10/turn              l - ring of see invisible

@: no status effects
A: hooves 1, icy blue scales 1, powered by pain 2
a: no special abilities


You were on level 4 of the Dungeon.
You were not hungry.

You visited 1 branch of the dungeon, and saw 4 of its levels.

You collected 184 gold pieces.
You spent 139 gold pieces at shops.

Inventory:

Hand Weapons
 x - a +4 quarterstaff of chaos
 A - a cursed -3 mace (weapon)
Missiles
 h - 6 javelins (quivered)
 u - 2 atropa-tipped darts
Armour
 f - a +0 chain mail (worn)
 j - a +0 large shield (worn)
 n - a +0 cloak (worn)
 r - a +2 helmet of intelligence (worn)
 z - a +1 cloak
Jewellery
 g - a ring of wizardry (left hand)
 l - a ring of see invisible (right hand)
Wands
 c - a wand of flame (15)
Scrolls
 b - a scroll of remove curse
 k - a scroll of blinking
 p - a scroll of enchant armour {unknown}
 q - a scroll of magic mapping {unknown}
 s - 2 scrolls of fear {unknown}
 v - a scroll of enchant weapon
 w - 2 scrolls of identify
 y - a scroll of teleportation
Potions
 a - a potion of mutation {unknown}
 e - 2 potions of might {unknown}
 i - a potion of agility {unknown}
 m - 4 potions of curing
 o - a potion of invisibility {unknown}
 t - 2 potions of berserk rage
Comestibles
 d - 9 rations


   Skills:
 + Level 3.6 Fighting
 + Level 3.3 Throwing
 * Level 2.7 Armour
 - Level 3.3 Dodging
 + Level 2.5 Shields
 + Level 4.0 Unarmed Combat


You had 6 spell levels left.
You didn't know any spells.
Your spell library was empty.

Dungeon Overview and Level Annotations

Branches:
Dungeon (4/15)
 Temple: D:4-7

Altars:
Fedhas
Kikubaaqudgha

Shops:
D:4 *


Innate Abilities, Weirdness & Mutations

You have large cloven feet.
You are partially covered in icy blue scales. (AC +2)
You sometimes gain power by taking damage.


Message History

Crazy Yiuf yells, "Line!"
Crazy Yiuf barely misses you.
You hit Crazy Yiuf. You kick Crazy Yiuf, but do no damage.
Crazy Yiuf is almost dead.
Crazy Yiuf hits you but does no damage.
You hit Crazy Yiuf.
You kill Crazy Yiuf!
a - a bubbling amethyst potion
There is an open translucent door, spattered with blood here.
Things that are here:
a +4 quarterstaff of chaos; a +1 cloak
x - a +4 quarterstaff of chaos;
z - a +1 cloak You can't wield that with a shield.
You see here a runed mace.
A - a runed mace It sticks to your hand!
A - a cursed -3 mace (weapon)
Welcome back, Doobh the Demonspawn Gladiator.
Press ? for a list of commands and other information.
Are you sure you want to abandon this character and quit the game? (Confirm with "yes".)

# #.##.# #.# #.# #
#.##.### #.# #.#
##### # #......#
### ### #....
####.#.# #####
#### ####.#.#
♣♣♣♣♣##.... ...#
#......#
#####♣♣♣.♣.P#.....
...###.##.#.##
#...#♣..♣..♣......
.......##....#
#...'.♣♣♣♣P.....(.
...########..#
#@..#♣♣ ♣♣P#.....
...# #.## #####
♣♣###### .### #.##
# .# #..# # .#
####### #### #
)#### #.#.# #..# #
....# #.#.#
#..#### .##.#
#.#.# #####......
###.# #.#.#
#..........


There were no monsters in sight!

Vanquished Creatures
  A phantom (D:4)
  A water moccasin skeleton (D:4)
  Crazy Yiuf (D:4)
  A hound (D:4)
  An orc priest (D:4)
  An orc wizard (D:4)
  A centaur skeleton (D:4)
  Ijyb (D:4)
  An iguana (D:4)
  A worker ant (D:4)
  A hound skeleton (D:4)
  10 adders
  2 worms
  A dart slug (D:4)
  15 orcs
  A ball python (D:4)
  4 giant cockroaches
  6 goblins
  9 hobgoblins
  6 jackals (D:1)
  5 kobolds
  2 quokkas (D:3)
  10 bats
  6 frilled lizards
  6 rats
  2 fungi (D:4)
96 creatures vanquished.

Notes
Turn   | Place    | Note
-------+----------+-------------------------------------------
     0 | D:1      | Doobh the Demonspawn Gladiator began the quest for the Orb.
     0 | D:1      | Reached XP level 1. HP: 16/16 MP: 1/1
   192 | D:1      | Gained mutation: You are partially covered in icy blue
                  | scales. (AC +2) [demonic ancestry]
   192 | D:1      | Reached XP level 2. HP: 13/22 MP: 2/2
   597 | D:1      | Reached skill level 3 in Unarmed Combat
   896 | D:1      | Gained mutation: You sometimes gain a little power by
                  | taking damage. [demonic ancestry]
   896 | D:1      | Reached XP level 3. HP: 20/28 MP: 3/3
  1713 | D:2      | Reached skill level 1 in Shields
  1713 | D:2      | Reached XP level 4. HP: 33/34 MP: 4/4
  2192 | D:3      | Found an ancient bone altar of Kikubaaqudgha.
  2696 | D:3      | Gained mutation: You sometimes gain power by taking damage.
                  | [demonic ancestry]
  2696 | D:3      | Reached XP level 5. HP: 39/40 MP: 5/5
  3254 | D:4      | Found Juif's General Store.
  3266 | D:4      | Bought a potion of degeneration for 11 gold pieces
  3266 | D:4      | Bought a potion of curing for 33 gold pieces
  3266 | D:4      | Bought 2 atropa-tipped darts for 13 gold pieces
  3266 | D:4      | Bought a scroll of enchant weapon for 82 gold pieces
  3325 | D:4      | Reached skill level 1 in Armour
  3363 | D:4      | Reached XP level 6. HP: 39/47 MP: 6/6
  3546 | D:4      | Found a blossoming altar of Fedhas.
  3851 | D:4      | Noticed Ijyb
  3859 | D:4      | Killed Ijyb
  3914 | D:4      | Reached skill level 4 in Unarmed Combat
  3914 | D:4      | Gained mutation: You have large cloven feet. [demonic
                  | ancestry]
  3914 | D:4      | Reached XP level 7. HP: 16/52 MP: 7/7
  4210 | D:4      | Found a runed translucent door.
  4211 | D:4      | Noticed Crazy Yiuf
  4226 | D:4      | Killed Crazy Yiuf
  4235 | D:4      | Quit the game

Levels and vault maps discovered:
D:1:      tarquinn_simple_flora_water_e, layout_basic, minmay_small_reverse_x
D:2:      layout_loops_cross, first_ration, chequers_serial_rivers_micro_c
D:3:      layout_loops_ring, kiku_gazebo_garden_becter
D:4:      layout_loops_ring, fedhas_altar_1, serial_shops, shop_statue,
          minmay_misc_feat_room, uniq_crazy_yiuf_cottage, uniq_ijyb

Skill      XL: |  1  2  3  4  5  6 |
---------------+-------------------+-----
Throwing       | 2 3 |  3.3
Unarmed Combat | 3 4 |  4.0
Dodging        | 3 |  3.3
Shields        | 1 2 |  2.5
Fighting       | 3 |  3.6
Armour         | 1 2 |  2.7

Action                   |  1- 3 |  4- 6 |  7- 9 || total
-------------------------+-------+-------+-------++-------
Melee: Unarmed           |   266 |   365 |    31 ||   662
       Kick              |       |       |    11 ||    11
Throw: Throwing net      |       |     6 |     1 ||     7
       Javelin           |       |    11 |       ||    11
  Use: Scroll            |     2 |     6 |       ||     8
       Potion            |       |     1 |       ||     1
 Stab: Held in net/web   |       |       |     1 ||     1
  Eat: Chunk             |     3 |     8 |     1 ||    12
Armor: Leather armour    |    73 |    82 |       ||   155
       Chain mail        |    70 |    86 |     1 ||   157
Dodge: Dodged            |   104 |    64 |     1 ||   169
Block: Large shield      |   191 |   215 |     4 ||   410
